Map: [ESL] Inside and Out

Players

SKillous

  • Race: Protoss Protoss
  • League: Grandmaster
  • Spawn Location: 1:00

HeroMarine - Winner!

  • Race: Terran Terran
  • League: Master
  • Spawn Location: 7:00

Event: HomeStory Cup XXII

VOD

Have the link to the VOD?

Description

Time

  • Played on: Dec. 16, 2022, 10 a.m.
  • Length: 18:08

All games in this series

Show
View Real Time Build Order
Export as new Build Order

SKillous Protoss 

Build Orders: 1 Gate Expand, Blink Stalkers 

Get SALT Encoding   

  12  0:00  Probe  
  13  0:12  Probe  
  14  0:17  Pylon  
  14  0:24  Probe  
  15  0:35  Gateway  
  15  0:36  Probe (Chrono Boost)  
  16  0:46  Probe (Chrono Boost), Assimilator  
  17  0:51  Probe (Chrono Boost)  
  18  1:03  Probe  
  19  1:15  Probe  
  20  1:22  Cybernetics Core  
  20  1:34  Nexus  
  20  1:39  Pylon  
  20  1:41  Probe  
  21  1:47  Assimilator  
  21  1:53  Probe  
  22  1:56  Adept (Chrono Boost)  
  22  1:59  Warp Gate  
  24  2:05  Probe  
  25  2:17  Probe  
  25  2:18  Adept  
  28  2:26  Twilight Council  
  28  2:29  Probe  
  29  2:41  Probe  
  30  2:46  Probe  
  30  2:48  Stalker  
  33  2:53  Shield Battery, Probe  
  33  2:58  Probe  
  35  3:02  Blink (Chrono Boost)  
  34  3:10  Probe  
  34  3:11  Probe  
  34  3:24  Probe (Chrono Boost)  
  34  3:27  Probe (Chrono Boost)  
  36  3:28  Gateway  
  36  3:31  Robotics Facility  
  37  3:35  Probe (Chrono Boost)  
  37  3:38  Probe (Chrono Boost), Pylon  
  37  3:39  Probe (Chrono Boost)  
  39  3:47  Probe  
  40  3:50  Probe  
  40  3:59  Probe  
  40  4:02  Probe  
  42  4:09  Stalker  
  44  4:11  Probe (Chrono Boost)  
  46  4:17  Probe (Chrono Boost)  
  46  4:18  Nexus  
  46  4:19  Observer  
  46  4:23  Probe (Chrono Boost)  
  48  4:30  Probe x2 (Chrono Boost)  
  46  4:32  Stalker x2  
  46  4:35  Pylon  
  46  4:37  Probe  
  51  4:38  Probe  
  51  4:41  Assimilator  
  51  4:43  Assimilator  
  52  4:49  Robotics Bay  
  52  4:50  Probe x2  
  54  4:57  Observer  
  54  5:00  Gateway  
  54  5:01  Gateway  
  54  5:02  Probe  
  54  5:05  Observer, Probe  
  57  5:08  Pylon  
  57  5:16  Probe  
  57  5:19  Gateway  
  58  5:22  Gateway  
  58  5:24  Probe  
  58  5:28  Probe  
  60  5:30  Pylon  
  60  5:31  Probe  
  60  5:33  Observer  
  62  5:36  Shield Battery, Probe  
  62  5:37  Stalker  
  62  5:42  Probe (Chrono Boost)  
  62  5:47  Stalker  
  62  5:49  Probe x2 (Chrono Boost)  
  60  5:54  Probe (Chrono Boost)  
  60  5:56  Stalker  
  59  6:00  Probe (Chrono Boost)  
  59  6:03  Probe (Chrono Boost)  
  61  6:08  Probe (Chrono Boost), Stalker  
  61  6:09  Stalker  
  61  6:10  Probe (Chrono Boost)  
  64  6:13  Colossus (Chrono Boost)  
  64  6:17  Probe  
  71  6:24  Sentry x2  
  74  6:34  Probe x2  
  74  6:37  Zealot x3  
  82  6:43  Probe  
  79  6:47  Zealot x2  
  79  6:48  Zealot  
  79  6:50  Probe  
  84  6:58  Zealot x2  
  88  7:05  Probe (Chrono Boost)  
  88  7:06  Stalker  
  83  7:11  Probe (Chrono Boost)  
  83  7:13  Observer, Probe (Chrono Boost)  
  82  7:15  Probe (Chrono Boost)  
  82  7:20  Probe (Chrono Boost)  
  82  7:21  Probe (Chrono Boost)  
  82  7:22  Probe (Chrono Boost)  
  85  7:24  Zealot x3, Sentry  
  85  7:26  Charge  
  93  7:30  Pylon  
  93  7:33  Pylon  
  93  7:45  Pylon  
  93  7:48  Probe x3, Stalker x2  
  98  7:54  Forge  
  98  7:55  Forge  
  98  7:56  Stalker  
  97  8:00  Probe (Chrono Boost)  
  97  8:03  Probe (Chrono Boost)  
  98  8:06  Probe (Chrono Boost)  
  98  8:09  Pylon  
  98  8:10  Probe (Chrono Boost)  
  98  8:12  Warp Prism (Chrono Boost), Probe (Chrono Boost)  
  102  8:17  Probe x2 (Chrono Boost)  
  102  8:18  Zealot x2  
  107  8:22  Protoss Ground Weapons Level 1 (Chrono Boost), Templar Archives  
  108  8:33  Extended Thermal Lance  
  107  8:39  Observer  
  107  8:43  Protoss Ground Armor Level 1 (Chrono Boost)  
  107  8:45  Nexus  
  107  8:47  Pylon  
  107  8:49  Colossus (Chrono Boost)  
  113  8:56  Probe x3  
  113  8:58  High Templar x2  
  113  9:02  High Templar  
  122  9:03  High Templar  
  122  9:04  Archon  
  122  9:05  Pylon  
  122  9:07  Pylon  
  122  9:09  Pylon  
  123  9:12  Archon  
  123  9:13  Probe x2  
  125  9:23  Zealot x2  
  129  9:26  Probe x2, Gateway  
  129  9:27  Gateway  
  129  9:30  Gateway  
  131  9:32  Gateway  
  131  9:36  Probe  
  131  9:38  Probe  
  131  9:50  Zealot x6, Warp Prism (Chrono Boost)  
  139  10:16  Zealot x6  
  147  10:28  Disruptor (Chrono Boost)  
  137  10:31  Zealot x3  
  137  10:32  Zealot  
  140  10:38  Zealot x6  
  140  10:41  Gateway  
  146  10:43  Protoss Ground Armor Level 2 (Chrono Boost), Gateway  
  146  10:44  Shield Battery  
  146  10:49  Shield Battery  
  140  10:54  Shield Battery  
  126  10:57  Zealot x4  
  126  11:00  Protoss Ground Weapons Level 2 (Chrono Boost)  
  126  11:02  Zealot  
  137  11:06  Immortal  
  137  11:07  High Templar  
  137  11:09  Pylon  
  126  11:21  High Templar  
  126  11:22  High Templar x4  
  126  11:23  Zealot x3  
  140  11:25  Archon  
  140  11:26  Archon  
  140  11:27  Archon  
  140  11:34  Nexus  
  140  11:44  Zealot x2  
  140  11:45  Zealot x3  
  118  11:51  Stalker x2  
  93  11:56  Zealot x2  
  93  12:06  Zealot  
  93  12:07  Zealot x4  
  87  12:09  Zealot  
  83  12:22  High Templar x4  
  85  12:24  Zealot x2  
  85  12:27  Archon  
  85  12:28  Archon  
  93  12:33  Zealot x3, Pylon  
  93  12:34  Sentry  
  101  12:39  Zealot x2  
  105  12:55  Zealot  
  107  12:58  Zealot x6  
  107  13:02  Shield Battery  
  107  13:04  High Templar x2  
  124  13:05  Observer (Chrono Boost)  
  124  13:08  Archon  
  124  13:18  Observer (Chrono Boost)  
  111  13:32  Stalker x3  
  111  13:33  Stalker  
  111  13:34  Zealot x6  
  123  13:40  Stalker x2  
  91  13:55  Stalker x2  
  88  14:03  Stalker x2  
  92  14:10  Stalker  
  92  14:11  Zealot x3  
  98  14:19  Zealot x6  
  108  14:37  Zealot x3  
  108  14:38  Zealot x3  
  101  14:41  Zealot x2  
  101  14:42  Zealot x2  
  101  14:44  Stalker  
  101  14:45  Stalker  
  104  14:48  Disruptor (Chrono Boost)  
  107  14:58  Sentry x2  
  107  14:59  Zealot x3  
  113  15:08  Zealot x4  
  120  15:17  Pylon  
  117  15:27  Observer (Chrono Boost)  
  117  15:28  Zealot x6  
  109  15:34  Zealot x2  
  123  15:41  Disruptor (Chrono Boost)  
  112  15:59  Zealot x5  
  108  16:11  Disruptor (Chrono Boost)  
  109  16:23  Nexus  
  109  16:24  High Templar x2  
  113  16:28  Archon  
  111  16:42  Zealot x5  
  121  16:53  Zealot  
  107  17:03  Zealot x3  
  89  17:18  Zealot x3  
  89  17:19  Colossus (Chrono Boost)  
  90  17:27  High Templar x2  
  90  17:28  Zealot  
  92  17:32  Archon  
  92  17:35  Zealot  
  91  17:38  Zealot  
  87  17:50  Zealot x4  
  87  17:51  Zealot  
Show
View Real Time Build Order
Export as new Build Order

HeroMarine Terran - Winner!

Build Orders: Banshee Rush 

Get SALT Encoding   

  12  0:00  SCV  
  13  0:12  SCV  
  14  0:16  Supply Depot  
  14  0:24  SCV  
  15  0:38  SCV  
  15  0:39  Barracks  
  16  0:42  Refinery  
  16  0:50  SCV  
  16  0:53  Refinery  
  17  1:02  SCV  
  18  1:14  SCV  
  19  1:26  Reaper, Orbital Command  
  19  1:28  Supply Depot  
  20  1:40  Factory  
  20  1:52  SCV  
  21  1:59  Reaper  
  22  2:04  SCV  
  23  2:14  Command Center  
  23  2:17  SCV  
  24  2:24  Hellion  
  27  2:30  SCV  
  27  2:31  Barracks Reactor  
  27  2:36  Supply Depot  
  27  2:42  SCV  
  28  2:47  Widow Mine  
  28  2:49  Starport  
  30  2:54  SCV  
  31  3:06  SCV  
  31  3:09  Marine x2  
  31  3:10  Factory Tech Lab  
  32  3:18  SCV  
  33  3:27  Marine x2  
  33  3:30  SCV  
  33  3:34  Factory Tech Lab, Banshee, Cloaking Field  
  39  3:42  SCV  
  38  3:50  Orbital Command  
  38  3:53  Marine x2  
  38  3:54  SCV  
  33  4:05  Siege Tank  
  33  4:06  SCV  
  36  4:11  Marine x2  
  38  4:17  Banshee  
  38  4:18  SCV x2  
  43  4:24  Supply Depot  
  43  4:29  Marine x2  
  43  4:30  SCV  
  45  4:32  SCV  
  45  4:37  Siege Tank  
  49  4:42  Supply Depot  
  49  4:45  SCV  
  50  4:46  Marine  
  50  4:47  SCV, Marine  
  53  4:53  Bunker  
  53  4:59  SCV  
  54  5:00  Banshee  
  54  5:02  SCV  
  54  5:04  Marine x2  
  54  5:06  Supply Depot  
  60  5:13  Siege Tank  
  63  5:14  SCV x2  
  65  5:22  Marine x2  
  65  5:26  SCV x2  
  69  5:31  Barracks  
  68  5:36  Barracks  
  68  5:38  SCV x2  
  68  5:40  Marine x2  
  72  5:49  Engineering Bay  
  72  5:50  SCV  
  72  5:51  SCV, Refinery  
  72  5:52  Siege Tank  
  72  5:53  Starport Reactor  
  77  5:58  Marine  
  78  6:05  SCV x2, Marine  
  78  6:18  SCV x2, Marine  
  78  6:21  Terran Infantry Weapons Level 1  
  78  6:22  Command Center  
  78  6:24  Barracks Tech Lab  
  78  6:27  Marine  
  78  6:30  SCV x2  
  78  6:34  Marine  
  78  6:36  Bunker, Marine  
  78  6:42  SCV  
  78  6:44  SCV  
  78  6:46  Bunker  
  77  6:47  Stimpack  
  77  6:49  Supply Depot, Refinery, Marine x2  
  77  6:52  Marine  
  77  6:54  Marine  
  77  6:55  SCV  
  77  6:56  Bunker, SCV  
  80  7:03  Siege Tank  
  80  7:07  SCV, Marine  
  77  7:09  SCV  
  77  7:15  Marauder  
  76  7:16  Marauder  
  76  7:17  Marine  
  76  7:19  Barracks  
  76  7:21  Barracks, Medivac  
  81  7:23  Medivac  
  81  7:25  SCV x2  
  81  7:29  Combat Shield  
  84  7:36  Marauder, Marine x2  
  88  7:38  Marauder, Orbital Command  
  90  7:44  Siege Tank  
  90  7:45  SCV x2  
  95  7:57  SCV x2  
  95  7:58  Marauder  
  98  7:59  Marauder  
  98  8:01  Medivac x2  
  98  8:02  Marine x2  
  103  8:09  Supply Depot x2, SCV  
  103  8:10  SCV  
  105  8:15  Barracks Tech Lab  
  105  8:16  Barracks Tech Lab, Siege Tank  
  105  8:17  Orbital Command  
  105  8:19  Barracks Reactor  
  108  8:23  Marine  
  109  8:30  SCV, Marine  
  109  8:31  SCV, Marauder x2  
  109  8:34  Marauder  
  118  8:42  Viking  
  118  8:45  Viking  
  118  8:48  Refinery  
  122  8:51  Supply Depot  
  122  8:52  Marauder x2  
  122  8:55  Supply Depot  
  126  8:57  Supply Depot, Marauder  
  126  9:00  Concussive Shells  
  128  9:04  Marine x2  
  128  9:05  Marine  
  128  9:08  Marine  
  132  9:12  Siege Tank  
  132  9:13  Marine  
  132  9:14  Marauder  
  138  9:19  Supply Depot, Marauder  
  138  9:21  Supply Depot, Viking  
  142  9:25  Viking  
  142  9:28  Marine x2  
  142  9:29  Marine x2  
  148  9:34  Supply Depot  
  148  9:35  Supply Depot  
  152  9:38  Marauder x2  
  152  9:48  Siege Tank  
  152  9:49  Marauder  
  152  9:51  Viking  
  157  9:54  Marine  
  157  9:55  Viking  
  157  9:56  Marine x2  
  157  9:58  Marine  
  165  10:00  Marauder  
  164  10:09  Bunker, Marauder  
  164  10:10  Terran Infantry Armor Level 1  
  164  10:11  Marauder  
  164  10:13  Marine  
  167  10:14  Marine  
  167  10:16  Marine x2  
  167  10:17  SCV  
  167  10:19  SCV  
  165  10:21  Marauder  
  152  10:30  Marauder  
  152  10:31  Marine  
  152  10:32  Marauder, Marine  
  152  10:34  Marine  
  156  10:36  Siege Tank  
  159  10:42  Marauder, Marine  
  157  10:52  Marauder  
  157  10:54  Marauder  
  161  10:59  Viking x2  
  161  11:04  Marauder  
  167  11:13  Marauder  
  167  11:15  Marauder  
  159  11:25  Marauder  
  161  11:26  SCV x2  
  161  11:27  SCV  
  161  11:29  Medivac  
  161  11:30  Siege Tank  
  169  11:33  Marine x2  
  169  11:34  Marauder, Marine x2  
  169  11:36  Marauder  
  177  11:46  Marine  
  136  11:51  Marine x2  
  136  11:53  Medivac  
  134  11:56  Marauder  
  134  11:58  Marauder  
  134  11:59  Medivac  
  125  12:01  Marine x2  
  125  12:03  SCV x2  
  125  12:04  SCV, Marauder  
  113  12:08  Marine  
  113  12:09  Marine  
  112  12:17  Armory, Marauder  
  112  12:18  Engineering Bay, Widow Mine  
  112  12:19  Marine x3  
  119  12:26  Marauder, Marine x2  
  123  12:34  Medivac, Sensor Tower  
  123  12:36  Medivac  
  129  12:37  Marauder  
  129  12:39  Marauder  
  129  12:41  Widow Mine  
  129  12:43  Marine  
  134  12:45  Marine x2  
  134  12:47  Marauder, Marine  
  136  12:52  SCV x2  
  136  12:53  SCV  
  141  12:58  Marauder  
  141  13:00  Marauder  
  141  13:03  Marine x2  
  145  13:06  Terran Infantry Weapons Level 2  
  145  13:08  Widow Mine  
  145  13:11  Drilling Claws  
  145  13:12  Medivac  
  149  13:19  Marauder  
  143  13:27  Marauder  
  143  13:28  Medivac, Marauder  
  143  13:29  Marine x2  
  143  13:30  Marine  
  143  13:33  SCV x3  
  153  13:34  Marine  
  153  13:41  Marauder  
  147  13:48  Marauder  
  147  13:49  Marauder, Marine  
  147  13:51  Marine  
  147  13:55  Marine  
  143  14:01  Marine  
  143  14:02  Medivac, Marauder, Widow Mine  
  130  14:04  Medivac  
  130  14:07  Marine  
  130  14:08  Marine  
  135  14:10  Marauder  
  135  14:11  Marauder  
  135  14:13  Marine  
  138  14:19  Marine  
  138  14:23  Marauder  
  141  14:24  Marine  
  141  14:26  Marine  
  141  14:31  Marauder, Marine x2  
  144  14:34  Orbital Command  
  144  14:37  Marine  
  142  14:42  Marine  
  142  14:44  Medivac x2, Marine  
  142  14:45  Marauder  
  145  14:50  Marauder  
  145  14:52  Sensor Tower, Marauder  
  149  14:55  Marine  
  149  14:57  Marine  
  151  15:00  Marine  
  151  15:01  Widow Mine  
  151  15:06  Marauder  
  156  15:11  Marauder  
  158  15:16  Marauder  
  158  15:17  Marine  
  158  15:18  Marine  
  156  15:26  Medivac  
  156  15:27  Medivac, Widow Mine, Marauder  
  156  15:28  Marine x2  
  159  15:33  Refinery, Marauder  
  159  15:34  Marine  
  163  15:36  Marine  
  163  15:37  Marauder  
  155  15:46  Marine x2  
  155  15:49  Marauder  
  158  15:52  Marine  
  158  15:53  Marine  
  158  15:54  Marine  
  159  15:58  Marine  
  159  16:03  Medivac x2  
  159  16:04  Marine x2  
  160  16:10  Marine x2  
  140  16:11  Marine x2  
  140  16:16  Marine  
  143  16:20  Barracks x3  
  143  16:21  Marine  
  143  16:22  Marine  
  145  16:27  Marine  
  145  16:28  Marine  
  145  16:29  Marine x2  
  149  16:33  Viking x2, Marine  
  149  16:39  Marine x2  
  153  16:46  Marauder, Marine  
  157  16:47  Marauder, Marine  
  157  16:52  Marauder  
  160  16:57  Marine x2  
  159  17:03  Marine  
  159  17:05  Marine  
  159  17:06  Marine  
  159  17:07  Marauder  
  164  17:09  Marauder  
  164  17:12  Factory  
  164  17:13  Marine  
  164  17:14  Marine  
  164  17:15  Marine x3  
  165  17:21  Marine  
  165  17:23  Marine  
  165  17:24  Marine  
  165  17:28  Marine  
  165  17:29  Supply Depot  
  166  17:30  Supply Depot, Marine  
  166  17:31  Marauder  
  166  17:32  Marine x2  
  166  17:33  Marine x2  
  173  17:39  Marine  
  173  17:40  Marine  
  173  17:42  Marine  
  173  17:46  Marauder  
Tags
 
Add a new tag
Caveats
  • Supply blocks, unpowered buildings, or Contaminate may cause inaccurate times.
  • Supply counts are checked every 10 seconds.